 Dungeon Crawl Stone Soup version 0.17-a0-1642-gd4b747b (webtiles) character file.

119 ithil the Bolt Thrower (level 4, -2/39 HPs)
             Began as a Deep Dwarf Hunter on Aug 8, 2015.
             Slain by a worm (8 damage)
             ... on level 3 of the Dungeon.
             The game lasted 00:25:26 (3045 turns).

ithil the Bolt Thrower (Deep Dwarf Hunter)          Turns: 3045, Time: 00:25:26

Health: -2/39      AC:  5    Str: 16    XL:     4   Next: 74%
Magic:  7/19       EV: 12    Int: 11    God:
Gold:   181        SH:  0    Dex: 14    Spells: 0 memorised, 3 levels left

rFire  . . .     SeeInvis .     B - staff of power
rCold  . . .     Clarity  .     z - +1 leather armour {rPois}
rNeg   . . .     SustAt   .     (no shield)
rPois  +         Gourm    .     (no helmet)
rElec  .         Spirit   .     l - +0 cloak
rCorr  .         Warding  .     (no gloves)
rMut   .         Stasis   .     (no boots)
MR     .....                    G - amulet of regeneration
Stlth  ++........               (no ring)
                                (no ring)

@: non-regenerating, not resistant to hostile enchantments, unstealthy
A: damage resistance, recharge devices, sense surroundings 1, slow healing 3
a: Device Recharging


You were on level 3 of the Dungeon.
You were not hungry.

You visited 1 branch of the dungeon, and saw 3 of its levels.

You collected 181 gold pieces.

Inventory:

Hand weapons
 a - a +2 hand crossbow
 c - a +0 short sword
 h - a +0 club
 i - a +0 club
 k - a +0 dagger
 n - a +0 short sword
 r - a +0 hunting sling
 x - a +0 hammer
Missiles
 b - 9 bolts
 g - 58 stones (quivered)
 s - 14 steel sling bullets
 u - 11 sling bullets
 y - 8 poisoned needles
Armour
 d - a +0 leather armour
 j - a +0 robe
 l - a +0 cloak (worn)
 o - a +1 scale mail
 p - a +0 leather armour
 t - a +0 ring mail
 z - a +1 leather armour of poison resistance (worn)
 C - a +0 ring mail
Magical staves
 B - an uncursed staff of power (weapon)
Jewellery
 F - an uncursed ring of see invisible {unknown}
 G - an amulet of regeneration (around neck)
Magical devices
 e - a wand of heal wounds (3)
Scrolls
 q - a scroll of amnesia
 E - a scroll of immolation {unknown}
Potions
 v - 2 potions of magic
 A - a potion of ambrosia
Comestibles
 f - 5 bread rations
 m - 6 fruits
 w - 2 chunks of flesh
 D - a meat ration


   Skills:
 + Level 2.0 Fighting
 + Level 0.1 Staves
 + Level 5.6 Crossbows
 + Level 0.3 Throwing
 + Level 2.1 Armour
 + Level 2.9 Dodging
 + Level 1.4 Stealth


You had 3 spell levels left.
You didn't know any spells.

Dungeon Overview and Level Annotations

Branches:
Dungeon (3/15)

Altars:

Annotations:
D:2 Crazy Yiuf


Innate Abilities, Weirdness & Mutations

You are resistant to damage.
You can recharge devices by infusing magical energy.
You passively map a small area around you.
You do not heal naturally.


Message History

The worm bites you.
* * * LOW HITPOINT WARNING * * *
You hit the worm but do no damage.
The worm is severely wounded.
You hit the worm but do no damage.
The worm is severely wounded.
The worm closely misses you.
You hit the worm but do no damage.
The worm is severely wounded.
The worm completely misses you.
You hit the worm but do no damage.
The worm is heavily wounded.
You hit the worm.
The worm is severely wounded.
The worm bites you.
* * * LOW HITPOINT WARNING * * *
You barely miss the worm.
The worm is severely wounded.
The worm bites you!
You die...

######.####.........
#.......รท.....##....
#.......#..#.###.###
#............# #.#
#.....######## #.#
#.....# #.# ###.###
#.# # ######.#######
#.. . #..?.w@......#
*## # #.####.#####..
, * #.# * , #.# , *
#.# , * #.# * #.# #..
, * *


You could see a worm.

Vanquished Creatures
  3 gnolls (D:3)
  2 adders (D:3)
  4 worms
  A giant gecko (D:2)
  2 orcs (D:3)
  4 giant cockroaches
  8 hobgoblins
  8 kobolds
  2 quokkas (D:3)
  A ball python (D:2)
  8 bats
  2 giant newts
  5 goblins
  6 jackals
  5 rats
  A fungus (D:2)
62 creatures vanquished.

Notes
Turn   | Place    | Note
--------------------------------------------------------------
     0 | D:1      | ithil the Deep Dwarf Hunter began the quest for the Orb.
     0 | D:1      | Reached XP level 1. HP: 19/19 MP: 1/1
    52 | D:1      | Reached XP level 2. HP: 19/26 MP: 2/2
   348 | D:1      | Reached skill level 5 in Crossbows
  1366 | D:2      | Reached XP level 3. HP: 32/32 MP: 3/3
  1771 | D:2      | Noticed Crazy Yiuf
  1885 | D:2      | Reached skill level 1 in Armour
  1904 | D:2      | Found a faded altar to an unknown god.
  2586 | D:3      | Reached XP level 4. HP: 21/39 MP: 4/4
  3045 | D:3      | Slain by a worm

Vault maps used:
D:1:      minmay_arrival_four_houses, st_stairs_13, minivault_5,
          dk_noncrumbling_3
D:2:      first_bread, ecumenical_altar_1, uniq_crazy_yiuf_cottage
D:3:      minmay_misc_feat_x

Action                   |  1- 3 |  4- 6 || total
-------------------------+-------+-------++-------
Melee: Staff             |    17 |    94 ||   111
       Short sword       |    13 |       ||    13
 Fire: Hand crossbow     |    95 |    12 ||   107
       Hunting sling     |     9 |       ||     9
Throw: Stone             |    42 |    12 ||    54
Evoke: Wand              |     3 |     4 ||     7
  Use: Scroll            |     8 |     2 ||    10
       Potion            |     5 |     1 ||     6
  Eat: Chunk             |     5 |     2 ||     7
